 Dungeon Crawl Stone Soup version 0.28.0 (webtiles) character file.

Game seed: 18396362202837339456

74 crazypyro the Skirmisher (level 4, -1/48 HPs)
             Began as an Ogre Monk on Feb 4, 2022.
             Was a Priest of Trog.
             Succumbed to an adder's poison
             ... on level 2 of the Dungeon.
             The game lasted 00:01:52 (2127 turns).

crazypyro the Skirmisher (Ogre Monk)                Turns: 2127, Time: 00:01:53

Health: -1/48      AC:  3    Str: 16 (17) XL:     4   Next: 28%
Magic:  4/4        EV: 10    Int:  9 (11) God:    Trog [***...]
Gold:   89         SH:  0    Dex: 10 (11) Spells: 3/3 levels left

rFire   . . .      SeeInvis .   d - +0 flail
rCold   . . .      Faith    .   (no shield)
rNeg    . . .      Spirit   .   b - +0 robe
rPois   .          Reflect  .   (helmet restricted)
rElec   .          Harm     .   (no cloak)
rCorr   .          Rampage  .   (gloves unavailable)
Will    .....                   (boots unavailable)
Stlth   ++........              (no amulet)
HPRegen 0.16/turn               (no ring)
MPRegen 0.09/turn               (no ring)

@: lethally poisoned (-1 -> -20)
A: large, unfitting armour, tough skin 1
a: Renounce Religion, Berserk, Trog's Hand


You were on level 2 of the Dungeon.
You worshipped Trog.
Trog was most pleased with you.
You visited 1 branch of the dungeon, and saw 2 of its levels.

You collected 89 gold pieces.

Inventory:

Hand Weapons
 a - a +0 mace
 d - a +0 flail (weapon)
Armour
 b - a +0 robe (worn)
Scrolls
 c - a scroll of teleportation {unknown}
 f - a scroll of holy word {unknown}


   Skills:
 - Level 4.2 Fighting
 * Level 3.8 Maces & Flails
 + Level 3.3 Dodging
 - Level 1.6 Stealth


You had 3 spell levels left.
You didn't know any spells.
Your spell library contained the following spells:

 Spells                   Type           Power      Damage    Failure   Level
 Freeze                   Ice            0%         1d3       38%         1


Dungeon Overview and Level Annotations

Branches:
Dungeon (2/15)

Altars:
Trog


Innate Abilities, Weirdness & Mutations

You are too large for most types of armour.
You have tough skin. (AC +1)


Message History

The adder is severely wounded.
You feel sick. The adder bites you.
You barely miss the adder.
The adder is severely wounded.
You feel sick. The adder bites you. The adder bites you but does no damage.
You closely miss the adder.
The adder is severely wounded.
You feel sick. The adder bites you.
You miss the adder.
The adder is severely wounded.
You feel sick.
You are no longer poisoned.
The adder bites you. The adder misses you.
You hit the adder.
The adder is almost dead.
The adder barely misses you.
You barely miss the adder.
The adder is almost dead.
The adder bites you.
* * * LOW HITPOINT WARNING * * *
You are poisoned.
The adder poisons you! The adder bites you.
* * * LOW HITPOINT WARNING * * *
You are lethally poisoned!
The adder poisons you!
You closely miss the adder.
The adder is almost dead.
* * * LOW HITPOINT WARNING * * *
You feel very sick. The adder bites you.
* * * LOW HITPOINT WARNING * * *
You are more poisoned.
The adder poisons you! The adder bites you.
* * * LOW HITPOINT WARNING * * *
You are more poisoned.
The adder poisons you!
It was a potion of degeneration.
There was something very wrong with that liquid.
You feel weakened.
You feel dopey.
You feel clumsy.
You die...

####......<
#...#
#.......
#...#
#.......
+...+
#....(..
#...#
#......#
#...#
#.....##
#...####
####.#####
#...#..#
#....#
+...@S.#
#.####
#...#######.#
##..........#
############


You could see an adder.

Vanquished Creatures
  A gnoll (D:1)
  An adder (D:2)
  3 worms (D:2)
  A dart slug (D:1)
  5 ball pythons
  3 endoplasms
  A giant cockroach (D:2)
  5 goblins (D:2)
  3 hobgoblins
  4 jackals (D:1)
  2 quokkas (D:2)
  2 bats (D:1)
  3 frilled lizards
  4 kobolds (D:1)
  6 rats
44 creatures vanquished.

Notes
Turn   | Place    | Note
-------+----------+-------------------------------------------
     0 | D:1      | crazypyro the Ogre Monk began the quest for the Orb.
     0 | D:1      | Reached XP level 1. HP: 24/24 MP: 1/1
   117 | D:1      | Reached XP level 2. HP: 27/32 MP: 2/2
   565 | D:1      | Reached XP level 3. HP: 8/39 MP: 3/3
  1398 | D:2      | Found a faded altar of an unknown god.
  1448 | D:2      | Got Plato's Papyrus of the Snowflakes
  1449 | D:2      | Prayed at the altar of an unknown god.
  1449 | D:2      | Became a worshipper of Trog the Wrathful
  1449 | D:2      | Reached * piety under Trog
  1449 | D:2      | Reached ** piety under Trog
  1772 | D:2      | Reached XP level 4. HP: 31/48 MP: 4/4
  1932 | D:2      | Reached *** piety under Trog
  2127 | D:2      | Succumbed to an adder's poison

Illustrated notes

Levels and vault maps discovered:
D:1:      evilmike_arrival_crescent, layout_basic, minivault_4, minmay_cupped
D:2:      layout_rooms, shapermc_ecumenical_altar_rom_forum,
          minmay_snake_closets

Skill      XL: |  1  2 |
---------------+-------+-----
Maces & Flails | 3 |  3.8
Dodging        | 3 |  3.3
Fighting       | |  4.2
Stealth        | |  1.6

Action                   |  1- 3 |  4- 6 || total
-------------------------+-------+-------++-------
Melee: Mace              |    97 |       ||    97
       Flail             |    56 |    30 ||    86
       Punch             |     1 |       ||     1
  Use: Potion            |       |     1 ||     1
 Stab: Sleeping          |     3 |       ||     3
Armor: Robe              |    53 |     5 ||    58
Dodge: Dodged            |   107 |    13 ||   120
